 Dungeon Crawl Stone Soup version 0.23-a0-636-g0ff6057 (console) character file.

190 Duffy the Conjurer (level 5, 0/35 HPs)
             Began as a Demonspawn Fire Elementalist on Dec 28, 2018.
             Slain by an orc priest (2 damage)
             ... on level 6 of the Dungeon.
             The game lasted 00:02:40 (2139 turns).

Duffy the Conjurer (Demonspawn Fire Elementalist)   Turns: 2139, Time: 00:02:41

Health: 0/35       AC:  3    Str:  9    XL:     5   Next: 41%
Magic:  8/8        EV: 19    Int: 20    God:
Gold:   69         SH:  0    Dex: 18    Spells: 0/8 levels left

rFire    . . .     SeeInvis .   d - +0 flail
rCold    . . .     Gourm    .   (no shield)
rNeg     . . .     Faith    .   a - +1 robe
rPois    .         Spirit   .   (no helmet)
rElec    .         Reflect  .   (no cloak)
rCorr    +         Harm     .   (no gloves)
MR       .....                  (no boots)
Stlth    ++++......             (no amulet)
HPRegen  0.11/turn              e - +3 ring of intelligence
MPRegen  0.11/turn              j - ring of resist corrosion

@: agile, very slightly contaminated
A: repulsion field 1, nightstalker 1
a: no special abilities


You were on level 6 of the Dungeon.
You were not hungry.

You visited 2 branches of the dungeon, and saw 7 of its levels.

You collected 69 gold pieces.

Inventory:

Hand Weapons
 d - a +0 flail (weapon)
Armour
 a - a +1 robe (worn)
Jewellery
 e - a +3 ring of intelligence (left hand)
 j - a ring of resist corrosion (right hand)
Wands
 g - a wand of flame (25)
Scrolls
 i - a scroll of identify {unknown}
 k - 3 scrolls of magic mapping
 l - a scroll of fog {unknown}
 m - 2 scrolls of teleportation {unknown}
Potions
 f - a potion of agility
 n - a potion of magic
Comestibles
 c - a ration


   Skills:
 - Level 1.7 Dodging
 - Level 1.7 Stealth
 + Level 2.3 Spellcasting
 - Level 5.0 Conjurations
 + Level 3.0 Fire Magic


You couldn't memorise any spells.
You knew the following spells:

 Your Spells              Type           Power        Failure   Level  Hunger
h - Flame Tongue          Conj/Fire      ###..        3%          1    #......
j - Sticky Flame          Conj/Fire      ###.....     28%         4    #####..
l - Conjure Flame         Conj/Fire      ###.....     9%          3    ###....

Your spell library contained the following spells:

 Spells                   Type           Power        Failure   Level  Hunger
 Throw Flame              Conj/Fire      ###...       4%          2    ##.....
 Inner Flame              Hex/Fire       #.......     24%         3    ###....
 Fireball                 Conj/Fire      ###.......   63%         5    ######.


Dungeon Overview and Level Annotations

Branches:
Dungeon (6/15)             Temple (1/1) D:4

Altars:
Cheibriados
Dithmenos
Elyvilon
Gozag
Hepliaklqana
Makhleb
Okawaru
Qazlal
Ru
Trog
Uskayaw
Wu Jian
Xom
Yredelemnul
Zin
The Shining One


Innate Abilities, Weirdness & Mutations

You are surrounded by a mild repulsion field. (EV +2)
You are slightly more attuned to the shadows.


Message History

* * * LOW HITPOINT WARNING * * *
The orc wizard hits you with a +0 dagger.
* * * LOW HITPOINT WARNING * * *
It was a potion of magic.
Magic courses through your body.
The orc wizard hits you but does no damage.
Okay, then.
You hit the orc wizard.
The orc wizard is lightly wounded.
The orc wizard misses you.
You miss the orc wizard.
The orc wizard is lightly wounded.
The orc wizard mumbles some strange words.
The orc wizard flickers and vanishes!
Deactivating autopickup; reactivate with Ctrl-A.
The orc priest barely misses you.
The orc hits you from afar with a +0 trident.
* * * LOW HITPOINT WARNING * * *
Something hits you but does no damage.
You miss something. The orc priest hits you.
You die...

## #. #. #. ######## #.
######## #......# #.
...o.oo# #.####.# #. #{#
#.# #.# #. #.#####@# #.#
#.# #.
......o.####.####.#####.
..........).............
#.#...#..###.####.####.#
#.#........# #.......
#.#.##.##### #....... #
#. #.# #.####.. #. #..
#.# #.. ##. #. #..


You could see an orc priest, an orc wizard and an orc.

Vanquished Creatures
  A sky beast (D:3)
  A worker ant (D:4)
  4 adders
  A worm (D:4)
  2 dart slugs (D:1)
  4 leopard geckos
  An orc (D:6)
  3 giant cockroaches (D:1)
  A goblin (D:2)
  3 hobgoblins
  2 quokkas (D:5)
  A bat (D:3)
  2 frilled lizards (D:1)
  A kobold (D:1)
  3 rats
30 creatures vanquished.

Notes
Turn   | Place    | Note
-------+----------+-------------------------------------------
     0 | D:1      | Duffy the Demonspawn Fire Elementalist began the quest for
                  | the Orb.
     0 | D:1      | Reached XP level 1. HP: 13/13 MP: 3/3
   218 | D:1      | Reached skill level 2 in Conjurations
   260 | D:1      | Gained mutation: You are surrounded by a mild repulsion
                  | field. (EV +2) [demonic ancestry]
   260 | D:1      | Reached XP level 2. HP: 19/19 MP: 1/5
   785 | D:2      | You fall through a shaft!
   786 | D:3      | Noticed a sky beast
   790 | D:3      | Killed a sky beast
   790 | D:3      | Reached skill level 4 in Conjurations
   790 | D:3      | Reached XP level 3. HP: 7/24 MP: 0/6
   790 | D:3      | Reached XP level 4. HP: 9/30 MP: 0/7
   968 | D:3      | Learned a level 3 spell: Conjure Flame
  1096 | D:4      | Gained mutation: You are slightly more attuned to the
                  | shadows. [demonic ancestry]
  1096 | D:4      | Reached XP level 5. HP: 35/35 MP: 6/8
  1148 | D:4      | Reached skill level 5 in Conjurations
  1267 | D:4      | Learned a level 4 spell: Sticky Flame
  1383 | D:4      | Found a staircase to the Ecumenical Temple.
  1391 | Temple   | Entered the Ecumenical Temple
  1496 | D:4      | Found a shimmering altar of Xom.
  1497 | D:4      | Found a hazy altar of Hepliaklqana.
  1497 | D:4      | Noticed a hell beast
  1498 | D:4      | Noticed a hell beast
  1498 | D:4      | Noticed a spectral ugly thing
  1510 | D:4      | Found a shadowy altar of Dithmenos.
  1755 | D:5      | Entered Level 5 of the Dungeon
  2139 | D:6      | Slain by an orc priest

Vault maps used:
D:1:      psy_arrival_fountain, minmay_misc_feat_rows
D:2:      uniq_terence, uniq_sigmund, uniq_jessica
D:3:      chequers_ecumenical_altar_simple
D:4:      regret_index_temple_of_mockery, grunt_dithmenos_smoke,
          minmay_temple_entry_stoned_glass, uniq_edmund
D:5:      marbit_many_paths, first_ration, serial_shops, kennysheep_mini_moat,
          serial_park_tiny_1
D:6:      serial_shops, shop, minmay_chambers_of_fives
Temple:   nicolae_temple_god_jail

Skill      XL: |  1  2  3  4  5 |
---------------+----------------+-----
Conjurations   | 2 4 5 |  5.0
Fire Magic     | 3 |  3.0
Dodging        | |  1.7
Stealth        | |  1.7
Spellcasting   | |  2.3

Action                   |  1- 3 |  4- 6 || total
-------------------------+-------+-------++-------
Melee: Unarmed           |    23 |    15 ||    38
       Flail             |       |     3 ||     3
 Cast: Flame Tongue      |    29 |    39 ||    68
  Use: Scroll            |       |     3 ||     3
       Potion            |       |     3 ||     3
  Eat: Chunk             |       |     4 ||     4
Armor: Robe              |     1 |     6 ||     7
Dodge: Dodged            |    34 |    48 ||    82

Table legend:
 A = Non-vault XP
 B = Vault XP
 C = Vault XP percentage of total XP
 D = Non-vault monster count
 E = Vault monster count
 F = Vault count percentage of total count
                 A         B        C        D         E       F
            +---------+---------+-------+---------+---------+-------
      Total |     272 |       0 |   0.0 |      30 |       0 |   0.0
            +---------+---------+-------+---------+---------+-------
        D:1 |      31 |       0 |   0.0 |      14 |       0 |   0.0
        D:2 |       2 |       0 |   0.0 |       1 |       0 |   0.0
        D:3 |     159 |       0 |   0.0 |       6 |       0 |   0.0
        D:4 |      57 |       0 |   0.0 |       4 |       0 |   0.0
        D:5 |      20 |       0 |   0.0 |       4 |       0 |   0.0
        D:6 |       3 |       0 |   0.0 |       1 |       0 |   0.0
            +---------+---------+-------+---------+---------+-------
